Map: Honorgrounds LE

Players

Railgan

  • Race: Zerg Zerg
  • League: Grandmaster
  • Spawn Location: 11:00

Infinity - Winner!

  • Race: Protoss Protoss
  • League: Master
  • Spawn Location: 7:00

VOD

Have the link to the VOD?

Description

Time

  • Played on: March 17, 2017, 5:51 p.m.
  • Length: 15:14
Show
View Real Time Build Order
Export as new Build Order

Railgan Zerg 

Build Orders: Hatch First, Swarm Host 

Get SALT Encoding   

  12  0:02  Drone  
  13  0:15  Overlord  
  13  0:19  Drone  
  14  0:33  Drone x2  
  16  0:38  Drone  
  17  0:53  Hatchery  
  17  0:56  Drone  
  17  1:00  Drone  
  18  1:10  Extractor  
  17  1:15  Spawning Pool  
  16  1:19  Drone  
  16  1:22  Drone  
  18  1:31  Drone  
  19  1:42  Overlord  
  19  2:00  Drone  
  20  2:01  Queen  
  20  2:04  Zergling x2  
  20  2:05  Drone, Queen  
  26  2:17  Drone x2, Metabolic Boost  
  28  2:25  Drone  
  28  2:29  Overlord  
  29  2:35  Drone  
  30  2:37  Queen  
  30  2:40  Drone  
  33  2:47  Zergling x2  
  34  2:54  Queen  
  37  2:58  Drone x2  
  37  3:01  Drone  
  37  3:02  Evolution Chamber  
  37  3:09  Zergling x8  
  41  3:15  Overlord  
  41  3:18  Zergling x2  
  42  3:20  Drone  
  42  3:21  Drone  
  44  3:28  Zerg Melee Weapons Level 1  
  44  3:41  Drone x4  
  47  3:53  Drone x4  
  51  3:59  Lair  
  51  4:02  Extractor, Overlord  
  50  4:03  Extractor, Spore Crawler  
  50  4:06  Drone x2  
  50  4:10  Drone  
  50  4:12  Spore Crawler  
  50  4:16  Overlord  
  50  4:19  Drone  
  50  4:24  Drone x3  
  54  4:30  Drone x4  
  57  4:32  Roach Warren  
  57  4:35  Drone x3  
  56  4:43  Extractor  
  55  4:54  Drone  
  55  4:56  Drone, Hatchery, Zergling x4  
  58  5:01  Overlord  
  58  5:02  Zergling x4  
  58  5:05  Burrow  
  59  5:14  Infestation Pit  
  59  5:15  Roach x2  
  59  5:16  Roach  
  59  5:21  Drone  
  65  5:22  Zerg Melee Weapons Level 2  
  65  5:29  Baneling Nest, Roach  
  66  5:42  Roach x4  
  74  5:43  Overlord  
  74  5:48  Overlord  
  74  5:54  Spore Crawler  
  74  5:55  Glial Reconstitution  
  73  6:03  Spore Crawler  
  72  6:13  Drone, Pathogen Glands  
  72  6:14  Drone x5  
  72  6:15  Queen  
  79  6:30  Drone x7  
  79  6:32  Drone x2  
  88  6:42  Overlord  
  88  6:43  Infestor  
  92  6:52  Infestor x3  
  96  6:57  Pneumatized Carapace  
  96  6:59  Extractor, Overseer  
  96  7:00  Extractor  
  94  7:07  Drone x3  
  97  7:14  Baneling x3  
  97  7:15  Drone  
  97  7:16  Drone  
  97  7:18  Hatchery  
  97  7:19  Neural Parasite  
  97  7:21  Drone x6  
  104  7:24  Overseer  
  104  7:32  Drone x2  
  104  7:36  Overlord  
  106  7:41  Overlord  
  106  7:43  Spore Crawler  
  103  7:45  Zergling x8  
  99  7:53  Zergling x2  
  99  7:54  Zergling x10  
  95  8:01  Roach x3  
  95  8:11  Roach x3  
  93  8:14  Roach  
  93  8:16  Roach x2  
  89  8:24  Drone x16  
  89  8:26  Roach  
  89  8:27  Drone, Roach  
  84  8:28  Drone x3  
  87  8:35  Drone x5  
  87  8:36  Drone  
  87  8:44  Drone x2  
  86  8:48  Drone  
  86  8:55  Drone x3  
  90  9:06  Roach x11  
  90  9:07  Roach x11  
  90  9:09  Drone x3  
  93  9:19  Overlord, Queen x2  
  97  9:27  Ravager x10  
  97  9:28  Ravager, Zergling x2  
  97  9:29  Zergling x10  
  97  9:31  Zergling x2  
  115  9:37  Zergling x2  
  115  9:38  Zergling x10  
  121  9:40  Drone  
  121  9:41  Drone  
  121  9:42  Drone  
  124  9:50  Zergling x12  
  130  9:55  Zergling x2  
  130  9:58  Zergling x4  
  133  10:05  Baneling x4  
  133  10:06  Baneling x10  
  133  10:09  Centrifical Hooks  
  133  10:12  Zergling x4  
  135  10:21  Zergling x2  
  135  10:25  Zergling x2  
  135  10:30  Overlord, Zergling x2  
  135  10:31  Overlord  
  128  10:49  Zergling x18  
  117  10:51  Swarm Host x5  
  117  10:54  Swarm Host  
  135  11:01  Swarm Host x3  
  144  11:07  Swarm Host  
  144  11:09  Swarm Host x2  
  150  11:11  Overlord  
  150  11:14  Baneling  
  150  11:15  Baneling x4  
  150  11:27  Zergling x4  
  125  11:44  Swarm Host  
  125  11:45  Swarm Host x6  
  125  11:46  Drone x2  
  125  11:47  Drone x3  
  144  11:48  Drone  
  144  11:49  Drone  
  144  11:51  Extractor  
  144  11:52  Zergling x4  
  147  11:55  Zergling x2  
  148  12:01  Baneling x8  
  148  12:02  Baneling  
  148  12:06  Zergling x2  
  148  12:07  Zergling x2  
  147  12:16  Zergling x2  
  147  12:21  Swarm Host x3  
  157  12:24  Zergling x4  
  157  12:27  Overlord  
  142  12:40  Zergling x14  
  142  12:42  Swarm Host  
  142  12:43  Swarm Host  
  142  12:45  Overlord  
  142  12:46  Baneling x4  
  142  12:47  Baneling x2, Overlord  
  142  12:49  Overlord  
  142  12:51  Overlord x2  
  139  12:54  Zergling x4  
  140  13:01  Baneling x8  
  134  13:12  Zergling x14  
  129  13:27  Swarm Host  
  129  13:28  Swarm Host x5  
  129  13:30  Zergling x2  
  129  13:31  Zergling x2  
  129  13:33  Baneling  
  140  13:38  Baneling x3  
  133  13:50  Baneling x2  
  126  14:09  Zergling x8  
  131  14:10  Zergling x8  
  131  14:15  Zergling x2  
  132  14:25  Zergling x2  
  132  14:29  Baneling x5  
  120  14:41  Baneling  
Show
View Real Time Build Order
Export as new Build Order

Infinity Protoss - Winner!

Build Orders: Nexus First, Oracle Opening 

Get SALT Encoding   

  12  0:01  Probe (Chrono Boost)  
  13  0:12  Probe (Chrono Boost)  
  14  0:18  Pylon  
  14  0:23  Probe (Chrono Boost)  
  15  0:36  Probe (Chrono Boost)  
  16  0:47  Probe (Chrono Boost)  
  17  1:01  Nexus  
  17  1:11  Gateway  
  17  1:15  Probe (Chrono Boost)  
  18  1:20  Assimilator  
  18  1:25  Probe (Chrono Boost)  
  19  1:28  Assimilator  
  19  1:36  Probe (Chrono Boost)  
  20  1:45  Gateway  
  20  1:46  Probe (Chrono Boost)  
  21  1:57  Probe (Chrono Boost)  
  22  2:01  Cybernetics Core  
  22  2:07  Probe (Chrono Boost)  
  24  2:15  Probe (Chrono Boost)  
  24  2:18  Probe (Chrono Boost)  
  25  2:26  Probe (Chrono Boost)  
  25  2:28  Probe (Chrono Boost)  
  27  2:34  Adept  
  27  2:36  Adept  
  28  2:38  Probe (Chrono Boost)  
  28  2:40  Probe (Chrono Boost)  
  28  2:42  Warp Gate  
  33  2:50  Probe (Chrono Boost)  
  34  2:52  Pylon  
  34  2:55  Probe (Chrono Boost)  
  34  3:03  Mothership Core (Chrono Boost)  
  34  3:05  Probe (Chrono Boost)  
  37  3:16  Probe (Chrono Boost)  
  37  3:17  Stargate  
  38  3:21  Probe (Chrono Boost)  
  38  3:26  Adept, Probe (Chrono Boost)  
  42  3:28  Pylon  
  42  3:32  Probe (Chrono Boost)  
  43  3:37  Probe (Chrono Boost)  
  44  3:42  Probe (Chrono Boost)  
  44  3:47  Probe (Chrono Boost)  
  42  3:51  Twilight Council  
  42  3:53  Pylon, Probe (Chrono Boost)  
  43  3:56  Adept x2  
  43  3:57  Oracle  
  43  3:59  Probe (Chrono Boost)  
  51  4:04  Probe (Chrono Boost)  
  52  4:14  Gateway, Probe (Chrono Boost)  
  52  4:15  Gateway  
  53  4:22  Probe (Chrono Boost), Resonating Glaives  
  54  4:24  Assimilator  
  54  4:27  Pylon  
  54  4:29  Probe (Chrono Boost), Assimilator  
  55  4:32  Probe (Chrono Boost)  
  56  4:41  Probe (Chrono Boost)  
  56  4:43  Pylon  
  57  4:47  Void Ray  
  57  4:49  Probe (Chrono Boost)  
  62  4:56  Probe (Chrono Boost)  
  62  4:59  Probe (Chrono Boost)  
  64  5:01  Pylon  
  64  5:03  Pylon  
  64  5:16  Probe (Chrono Boost)  
  64  5:17  Probe (Chrono Boost)  
  66  5:21  Nexus  
  66  5:25  Pylon  
  66  5:26  Pylon  
  67  5:28  Probe (Chrono Boost)  
  67  5:32  Probe (Chrono Boost)  
  67  5:33  Pylon  
  68  5:41  Probe (Chrono Boost)  
  69  5:43  Robotics Facility, Probe (Chrono Boost)  
  69  5:45  Adept  
  70  5:53  Probe (Chrono Boost)  
  70  5:54  Gateway  
  70  5:56  Gateway  
  73  6:04  Gateway  
  73  6:05  Probe (Chrono Boost)  
  73  6:06  Gateway  
  73  6:11  Gateway  
  72  6:12  Probe (Chrono Boost)  
  73  6:19  Adept x2  
  73  6:22  Probe (Chrono Boost)  
  73  6:23  Probe (Chrono Boost)  
  79  6:25  Adept  
  79  6:32  Warp Prism  
  82  6:34  Probe x2 (Chrono Boost)  
  82  6:35  Adept  
  82  6:39  Probe (Chrono Boost)  
  88  6:44  Adept x2  
  92  6:54  Adept  
  92  6:55  Adept x3  
  100  7:01  Pylon  
  100  7:03  Adept x2  
  100  7:06  Adept x2  
  108  7:13  Assimilator  
  108  7:18  Adept x2  
  108  7:19  Adept x2  
  108  7:21  Pylon  
  116  7:25  Adept  
  116  7:26  Adept x2  
  108  7:58  Adept x2  
  108  7:59  Adept x4  
  108  8:00  Adept x2  
  108  8:02  Probe (Chrono Boost)  
  108  8:05  Probe (Chrono Boost)  
  122  8:07  Probe (Chrono Boost)  
  113  8:14  Probe (Chrono Boost)  
  113  8:17  Probe (Chrono Boost)  
  113  8:18  Templar Archives  
  95  8:32  Probe (Chrono Boost)  
  92  8:37  Immortal  
  92  8:39  Adept x2  
  92  8:40  Adept x5  
  92  8:41  Adept  
  102  8:43  Psionic Storm  
  102  8:52  Robotics Facility  
  102  8:54  Assimilator  
  100  8:59  High Templar  
  100  9:00  High Templar x4  
  100  9:01  Adept  
  100  9:02  Adept x3  
  116  9:17  Pylon  
  116  9:19  Pylon  
  120  9:29  Warp Prism  
  120  9:36  Pylon  
  118  9:45  Forge  
  118  9:46  Forge  
  118  9:51  Adept, Immortal  
  118  9:52  Adept x5  
  132  9:53  Adept  
  136  10:00  Adept  
  136  10:01  Adept  
  140  10:07  Nexus  
  140  10:15  High Templar x3  
  140  10:18  Protoss Ground Weapons Level 1  
  146  10:25  Archon  
  146  10:26  High Templar  
  146  10:27  High Templar x2  
  146  10:28  Adept x3  
  158  10:32  Archon x2  
  155  10:42  Observer  
  151  10:44  Observer  
  151  10:49  Adept  
  148  10:50  Adept x4  
  148  10:52  Pylon  
  148  10:54  Pylon  
  156  11:01  Observer, Forge  
  156  11:03  Assimilator  
  157  11:05  Assimilator  
  157  11:12  High Templar  
  157  11:13  High Templar x3  
  157  11:14  Adept x4  
  157  11:17  Archon x2  
  173  11:19  Adept  
  171  11:39  Protoss Ground Armor Level 1  
  119  11:41  Immortal  
  119  11:43  Probe x2 (Chrono Boost)  
  119  11:46  Immortal  
  124  11:47  Probe (Chrono Boost)  
  124  11:55  Adept x4  
  124  11:56  Adept  
  124  11:57  High Templar x2  
  136  12:07  Pylon  
  136  12:09  Assimilator  
  136  12:11  Assimilator  
  136  12:12  Protoss Ground Weapons Level 2, High Templar x2  
  136  12:13  Pylon  
  136  12:15  Pylon  
  140  12:18  Adept x4  
  140  12:19  Adept, Immortal  
  150  12:26  Photon Cannon  
  150  12:28  Photon Cannon  
  139  12:41  Adept x4  
  139  12:42  Adept x3, Probe (Chrono Boost)  
  142  12:45  Immortal  
  142  12:48  Probe x2 (Chrono Boost)  
  142  12:49  Probe (Chrono Boost)  
  148  12:51  Adept  
  148  12:52  Adept  
  148  12:54  Probe (Chrono Boost)  
  153  13:00  Probe (Chrono Boost)  
  153  13:01  Probe x2 (Chrono Boost)  
  146  13:14  Immortal  
  150  13:24  Probe (Chrono Boost), Immortal  
  150  13:25  Archon x2  
  143  13:35  Adept x3  
  143  13:36  Adept x2  
  153  13:48  Immortal  
  152  13:53  High Templar x4  
  163  13:56  Probe (Chrono Boost)  
  163  14:03  Immortal  
  145  14:20  Probe (Chrono Boost)  
  145  14:22  Immortal  
  145  14:23  Nexus  
  146  14:24  Photon Cannon  
  146  14:27  Probe (Chrono Boost)  
  143  14:39  High Templar x2  
  147  14:46  Probe x2 (Chrono Boost)  
  147  14:48  Photon Cannon  
  139  15:12  Archon  
Tags
 
Add a new tag
Caveats
  • Supply blocks, unpowered buildings, or Contaminate may cause inaccurate times.
  • Supply counts are checked every 10 seconds.